 Dungeon Crawl Stone Soup version 0.32-a0-290-g598725c5f2 (webtiles) character file.

Game seed: 4951970981204988700

225 TerritorialKavu the Sneak (level 5, -3/24 HPs)
             Began as a Spriggan Enchanter on Feb 13, 2024.
             Slain by Pikel
             ... wielding a +0 whip of flaming
              (6 damage)
             ... on level 3 of the Dungeon.
             The game lasted 00:07:01 (3858 turns).

TerritorialKavu the Sneak (Spriggan Enchanter)      Turns: 3858, Time: 00:07:02

Health: -3/24      AC:  2    Str:  4    XL:     5   Next: 68%
Magic:  4/12       EV: 17    Int: 16    God:
Gold:   210        SH:  0    Dex: 18    Spells: 7/12 levels left

rFire   x . .        m - +0 short sword (venom)
rCold   + . .        (no shield)
rNeg    . . .        b - +0 robe
rPois   .            (helmet restricted)
rElec   .            (no cloak)
rCorr   .            (gloves unavailable)
SInv    +            (boots unavailable)
Will    .....        (no amulet)
Stlth   +++          g - ring of ice
HPRegen 0.24/turn    f - ring of wizardry
MPRegen 0.13/turn

%: wizardry (x1)
@: very quick
A: very small, no large weapons, unfitting armour, see invisible, speed 3
a: no special abilities


You were on level 3 of the Dungeon.
You visited 1 branch of the dungeon, and saw 4 of its levels.

You collected 210 gold pieces.

Inventory:

Hand Weapons
 a - a +1 dagger
 m - a +0 short sword of venom (weapon)
Missiles
 r - 2 throwing nets
Armour
 b - a +0 robe (worn)
Jewellery
 f - a ring of wizardry (right hand)
 g - a ring of ice (left hand)
Scrolls
 d - 3 scrolls of identify {unknown}
 i - a scroll of vulnerability {unknown}
 k - a scroll of fog {unknown}
 l - a scroll of enchant armour {unknown}
 p - 2 scrolls of teleportation {unknown}
 s - 3 scrolls of blinking {unknown}
 t - a scroll of immolation {unknown}
Potions
 c - 3 potions of invisibility
 e - 3 potions of curing {unknown}
 h - a potion of brilliance {unknown}
 j - a potion of ambrosia {unknown}
 n - a potion of enlightenment {unknown}
 o - a potion of attraction {unknown}
 q - a potion of degeneration {unknown}
 u - a potion of mutation {unknown}
 v - a potion of berserk rage {unknown}
 w - a potion of lignification {unknown}
 x - a potion of heal wounds {unknown}


   Skills:
 + Level 3.3 Short Blades
 - Level 2.6 Dodging
 + Level 6.3 Stealth
 - Level 4.0 Spellcasting
 + Level 5.1 Hexes


You had 7 spell levels left.
You knew the following spells:

 Your Spells              Type           Power      Damage    Failure   Level
c - Confusing Touch       Hex            19%        N/A       2%          3
e - Ensorcelled Hibernat  Hex/Ice        34%        N/A       3%          2

Your spell library contained the following spells:

 Spells                   Type           Power      Damage    Failure   Level
 Tukima's Dance           Hex            19%        N/A       2%          3
 Dazzling Flash           Conj/Hex       22%        N/A       8%          3


Dungeon Overview and Level Annotations

Branches:
Dungeon (4/15)
 Temple: D:4-7

Altars:
Kikubaaqudgha

Annotations:
D:3 Pikel


Innate Abilities, Weirdness & Mutations

You are very small and have problems with some larger weapons.
You are too small for most types of armour.
You have supernaturally acute eyesight. (SInv)
You cover ground extremely quickly. (Speed+++)


Message History

You climb upwards.
There is a stone staircase leading down here.
The lemure barely misses you.
Casting: Ensorcelled Hibernation (safe; 3% risk of failure)
Confirm with . or Enter, or press ? or * to list all spells.
Aiming: Ensorcelled Hibernation (safe; 3% risk of failure)
Press: ? - help, Shift-Dir - straight line, f - lemure
Aim: a lemure (chance to affect: 50%)
You feel a surge of power!
The lemure looks drowsy...
The helpless lemure fails to defend itself.
You impale the lemure!!
You kill the lemure!
That felt strangely unrewarding.
Casting: Ensorcelled Hibernation (safe; 3% risk of failure)
Confirm with . or Enter, or press ? or * to list all spells.
Aiming: Ensorcelled Hibernation (safe; 3% risk of failure)
Press: ? - help, Shift-Dir - straight line, f - Pikel
Aim: Pikel, wielding a +0 whip of flaming and wearing a +2 robe of willpower (chance to affect: 18%)
You feel a surge of power!
Pikel resists with almost no effort.
Casting: Ensorcelled Hibernation (safe; 3% risk of failure)
Confirm with . or Enter, or press ? or * to list all spells.
Aiming: Ensorcelled Hibernation (safe; 3% risk of failure)
Press: ? - help, Shift-Dir - straight line, f/p - Pikel
Aim: Pikel, wielding a +0 whip of flaming and wearing a +2 robe of willpower (chance to affect: 18%)
You feel a surge of power!
Pikel looks drowsy...
The helpless Pikel fails to defend himself.
You impale Pikel!!
Pikel is heavily wounded.
Casting: Ensorcelled Hibernation (safe; 3% risk of failure)
Confirm with . or Enter, or press ? or * to list all spells.
Your hands begin to glow red.
You hit Pikel but do no damage.
Pikel appears confused.
Pikel is heavily wounded.
Pikel hits you with a +0 whip of flaming!
Pikel burns you.
* * * LOW HITPOINT WARNING * * *
Unknown command.
Pikel laughs at nothing.
Pikel hits you with a +0 whip of flaming.
You die...

### #.################
#....#........)...
#.##.#.##########.
#.##.#.#.########.
#@##.#.#........#.
#K##.#.#.######.#.
#.##.#.#.#....#.#.
#.##.#.#.#.##.#.#.
########.##.#.#.#....#.#.
#.........#.#.#.#....#.#.
#########.#..###..#......<.......
..................#...#.#.#..#.#.
#########..#......#...#.#.#..#.#.


You could see Pikel (confused).

Vanquished Creatures
  3 lemures
  A bombardier beetle (D:4)
  4 gnolls (D:2)
  4 adders
  2 dart slugs
  2 ribbon worms
  5 orcs
  8 ball pythons
  5 endoplasms
  2 giant cockroaches (D:1)
  2 goblins
  6 hobgoblins
  2 jackals (D:1)
  5 kobolds
  2 quokkas
  6 bats
  2 frilled lizards
  3 rats
64 creatures vanquished.

Notes
Turn   | Place    | Note
-------+----------+-------------------------------------------
     0 | D:1      | TerritorialKavu the Spriggan Enchanter began the quest for
                  | the Orb.
     0 | D:1      | Reached XP level 1. HP: 9/9 MP: 5/5
   145 | D:1      | Reached XP level 2. HP: 13/13 MP: 6/6
   165 | D:1      | Learned a level 2 spell: Ensorcelled Hibernation
  1071 | D:1      | Reached skill level 5 in Stealth
  1071 | D:1      | Reached XP level 3. HP: 16/16 MP: 8/8
  1151 | D:1      | Learned a level 3 spell: Confusing Touch
  1339 | D:2      | Identified the +6 dagger of the Piercing Augurer
                  | {antimagic, rN+}
  1725 | D:2      | Reached XP level 4. HP: 11/21 MP: 0/10
  2448 | D:2      | Reached XP level 5. HP: 23/24 MP: 1/11
  3012 | D:3      | Found an ancient bone altar of Kikubaaqudgha.
  3039 | D:3      | Reached skill level 6 in Stealth
  3701 | D:4      | Reached skill level 5 in Hexes
  3725 | D:4      | Noticed a lemure
  3727 | D:4      | Noticed Pikel
  3727 | D:4      | Noticed a lemure
  3727 | D:4      | Noticed a lemure
  3735 | D:4      | Killed a lemure
  3737 | D:4      | Noticed a lemure
  3799 | D:3      | Killed a lemure
  3842 | D:3      | Killed a lemure
  3858 | D:3      | Slain by Pikel

Illustrated notes

Levels and vault maps discovered:
D:1:      dpeg_arrival_oval, layout_loops_corners, item_on_display_a
D:2:      layout_basic, serial_park_tiny_2, lightli_corner_chamber
D:3:      layout_basic, kiku_gazebo_garden_becter, minmay_crystal_room,
          chequers_serial_rivers_room_a, minmay_misc_feat_plants
D:4:      layout_rooms, jmf_multi_god_temple, gup_sewer_entry_bowl,
          hex_intersection, uniq_pikel

Skill      XL: |  1  2  3  4  5 |
---------------+----------------+-----
Spellcasting   | 3 4 |  4.0
Hexes          | 4 5 |  5.1
Stealth        | 5 6 |  6.3
Short Blades   | 2 3 |  3.3
Dodging        | |  2.6

Action                     |  1- 3 |  4- 6 || total
---------------------------+-------+-------++-------
  Melee: Dagger            |    42 |       ||    42
         Short sword       |    12 |    57 ||    69
   Cast: Ensorcelled Hiber |    15 |    30 ||    45
         Confusing Touch   |       |     1 ||     1
   Stab: Sleeping          |    20 |    24 ||    44
 Armour: Robe              |    14 |    22 ||    36
  Dodge: Dodged            |    35 |    39 ||    74

Table legend: (Time is in decaauts)
 A = Elapsed time spent in this place.
 B = Non-inter-level travel time spent in this place.
 C = Inter-level travel time spent in this place.
 D = Time resting spent in this place.
 E = Time spent auto-exploring this place.
 F = Levels seen in this place.
 G = Mean time per level.
                   A        B        C        D        E       F      G
               +--------+--------+--------+--------+--------+-----+--------+
         Total |   2690 |   2515 |    175 |    111 |   2010 |   4 |  672.5 |
       Dungeon |   2690 |   2515 |    175 |    111 |   2010 |   4 |  672.5 |
               +--------+--------+--------+--------+--------+-----+--------+

Top non-repeatable levels by time:
     D:2: 993 daAuts
     D:1: 889 daAuts
     D:3: 759 daAuts
     D:4: 48 daAuts
